Map: Romanticide LE

Players

TeebuL - Winner!

  • Race: Protoss Protoss

Seither

  • Race: Terran Terran

Event: DreamHack SC2 Masters 2021 Fall

VOD

Have the link to the VOD?

Description

Time

  • Played on: July 31, 2021, 4:45 a.m.
  • Length: 12:37

All games in this series

Show
View Real Time Build Order
Export as new Build Order

TeebuL Protoss - Winner!

Build Orders: 1 Gate Expand, Blink Stalkers, Dark Templar Rush 

Get SALT Encoding   

  12  0:00  Probe  
  13  0:12  Probe  
  14  0:19  Pylon  
  14  0:24  Probe (Chrono Boost)  
  15  0:38  Gateway, Probe (Chrono Boost)  
  16  0:46  Probe (Chrono Boost)  
  16  0:47  Assimilator  
  17  0:52  Probe  
  18  1:04  Probe  
  19  1:16  Probe  
  20  1:27  Cybernetics Core  
  20  1:33  Nexus  
  20  1:42  Pylon  
  20  1:44  Probe  
  21  1:52  Assimilator  
  21  1:57  Probe (Chrono Boost)  
  21  2:01  Adept (Chrono Boost)  
  22  2:04  Warp Gate  
  24  2:09  Probe (Chrono Boost)  
  25  2:18  Probe (Chrono Boost)  
  26  2:23  Probe  
  26  2:28  Twilight Council  
  27  2:35  Probe  
  28  2:39  Shield Battery, Stalker (Chrono Boost)  
  30  2:44  Probe  
  30  2:48  Probe  
  32  2:57  Probe  
  33  3:00  Probe  
  34  3:08  Dark Shrine  
  34  3:09  Probe (Chrono Boost)  
  34  3:12  Probe (Chrono Boost)  
  36  3:24  Probe (Chrono Boost)  
  38  3:27  Probe (Chrono Boost)  
  38  3:31  Probe (Chrono Boost)  
  38  3:33  Blink (Chrono Boost)  
  40  3:34  Probe (Chrono Boost)  
  40  3:38  Probe  
  41  3:45  Probe  
  42  3:50  Probe  
  42  3:53  Gateway  
  43  3:57  Stalker  
  43  3:59  Probe  
  46  4:02  Probe  
  45  4:11  Probe  
  46  4:17  Pylon  
  46  4:21  Nexus  
  46  4:22  Pylon  
  46  4:30  Gateway  
  46  4:33  Gateway  
  46  4:34  Pylon  
  46  4:35  Probe (Chrono Boost)  
  46  4:37  Robotics Facility  
  48  4:38  Probe (Chrono Boost)  
  48  4:42  Forge  
  48  4:45  Stalker  
  50  4:47  Stalker  
  50  4:48  Probe (Chrono Boost)  
  50  4:52  Probe (Chrono Boost)  
  54  4:54  Pylon  
  54  4:56  Probe (Chrono Boost)  
  56  5:00  Probe (Chrono Boost)  
  56  5:05  Assimilator  
  56  5:06  Probe x2 (Chrono Boost)  
  58  5:08  Assimilator, Protoss Ground Weapons Level 1 (Chrono Boost)  
  58  5:11  Stalker x2  
  63  5:14  Probe (Chrono Boost)  
  63  5:17  Probe (Chrono Boost)  
  64  5:26  Probe (Chrono Boost)  
  64  5:27  Charge  
  66  5:30  Probe (Chrono Boost), Warp Prism  
  66  5:31  Probe (Chrono Boost)  
  66  5:33  Probe (Chrono Boost)  
  70  5:38  Probe  
  70  5:40  Probe  
  71  5:43  Robotics Bay  
  71  5:45  Probe  
  71  5:46  Sentry  
  71  5:47  Zealot  
  76  5:50  Probe  
  76  5:52  Probe  
  78  6:00  Zealot x2, Probe  
  78  6:02  Probe  
  84  6:04  Probe  
  84  6:10  Immortal (Chrono Boost)  
  83  6:12  Probe  
  83  6:16  Zealot x2  
  83  6:17  Probe  
  93  6:30  Pylon  
  93  6:34  Gateway  
  93  6:35  Gateway  
  93  6:36  Pylon  
  93  6:37  Colossus (Chrono Boost)  
  93  6:39  Pylon  
  93  6:42  Shield Battery  
  93  6:47  Pylon  
  93  6:48  Probe  
  93  6:49  Gateway  
  93  6:50  Gateway  
  100  6:57  Sentry, Stalker x3  
  100  7:00  Protoss Ground Armor Level 1 (Chrono Boost)  
  104  7:21  Stalker x3  
  106  7:29  Colossus  
  108  7:36  Zealot x2  
  106  7:41  Probe  
  95  7:44  Pylon  
  95  7:45  Stalker  
  95  7:46  Zealot x4  
  95  7:49  Probe  
  106  7:52  Probe  
  106  7:53  Probe  
  108  7:59  Assimilator  
  108  8:01  Assimilator, Probe  
  108  8:04  Forge, Pylon, Probe  
  108  8:05  Probe  
  108  8:07  Pylon, Zealot x4  
  108  8:09  Dark Shrine  
  117  8:18  Pylon  
  117  8:22  Probe  
  114  8:27  Sentry x2, Zealot x2  
  114  8:28  Zealot x4  
  114  8:31  Probe  
  114  8:32  Probe  
  114  8:34  Colossus (Chrono Boost)  
  136  8:45  Pylon  
  136  8:46  Pylon x2  
  136  9:01  Pylon, Nexus  
  136  9:06  Robotics Facility  
  136  9:14  Disruptor (Chrono Boost)  
  139  9:20  Zealot x5  
  147  9:29  Pylon  
  147  9:38  Protoss Ground Weapons Level 2  
  147  9:43  Disruptor (Chrono Boost)  
  150  9:48  Dark Templar x5, Zealot x3  
  142  10:15  Stalker x2  
  142  10:16  Stalker  
  139  10:24  Probe x2  
  137  10:34  Pylon x2  
  137  10:43  Stalker x3  
  137  10:47  Zealot  
  145  10:50  Nexus, Photon Cannon  
  145  10:52  Disruptor (Chrono Boost)  
  145  10:53  Probe  
  145  10:56  Observer (Chrono Boost)  
  143  10:58  Probe  
  144  11:05  Stalker x3  
  148  11:12  Zealot  
  148  11:15  Shield Battery  
  150  11:22  Stalker x4  
  156  11:28  Shield Battery  
  156  11:31  Dark Templar x2  
  147  11:41  Probe x2  
  147  11:43  Zealot x3  
  147  11:44  Pylon  
  155  11:48  Zealot x4  
  126  12:08  Stalker x5  
Show
View Real Time Build Order
Export as new Build Order

Seither Terran 

Build Orders: Reaper Expand 

Get SALT Encoding   

  12  0:00  SCV  
  13  0:12  SCV  
  14  0:17  Supply Depot  
  14  0:24  SCV  
  15  0:39  SCV  
  15  0:40  Barracks  
  16  0:43  Refinery  
  16  0:51  SCV  
  17  1:03  SCV  
  18  1:15  SCV  
  19  1:28  Reaper  
  19  1:29  Orbital Command  
  20  1:44  Command Center  
  20  1:56  SCV  
  20  2:00  Marine, Bunker  
  22  2:10  Supply Depot  
  22  2:12  SCV  
  23  2:18  Factory  
  23  2:22  Barracks Reactor  
  23  2:31  SCV  
  24  2:37  Refinery  
  24  2:43  SCV  
  25  2:55  SCV  
  26  3:01  Marine x2, Orbital Command  
  26  3:05  Hellion  
  30  3:06  Starport  
  30  3:07  SCV  
  32  3:20  Marine x2, SCV  
  34  3:28  Factory Tech Lab  
  34  3:32  SCV x2  
  36  3:38  Marine x2  
  36  3:41  Supply Depot  
  38  3:44  SCV  
  38  3:46  Barracks  
  39  3:49  SCV  
  39  3:52  Bunker  
  40  3:56  SCV  
  40  3:58  Marine x2  
  40  3:59  Raven  
  40  4:00  Factory Tech Lab  
  45  4:03  SCV  
  45  4:08  SCV  
  45  4:15  SCV  
  45  4:16  Marine x2  
  47  4:20  Supply Depot, SCV  
  48  4:25  Barracks, Engineering Bay  
  48  4:29  SCV  
  49  4:32  SCV  
  49  4:35  Factory Reactor  
  50  4:40  Marine x3  
  50  4:41  SCV, Stimpack  
  50  4:44  SCV  
  55  4:50  Refinery  
  55  4:54  SCV, Supply Depot  
  55  4:56  SCV  
  57  5:02  Marine x2  
  57  5:03  Supply Depot  
  57  5:04  Marauder  
  57  5:06  SCV, Starport Reactor  
  63  5:14  SCV  
  63  5:15  Terran Infantry Weapons Level 1  
  63  5:16  Widow Mine x2  
  63  5:20  SCV  
  63  5:21  Supply Depot  
  68  5:24  Marine x2  
  68  5:25  Combat Shield  
  68  5:26  SCV  
  68  5:27  Supply Depot  
  71  5:29  Marauder  
  71  5:33  Refinery  
  71  5:34  Marauder  
  75  5:40  SCV x2  
  75  5:42  Widow Mine x2  
  81  5:46  Missile Turret  
  81  5:48  Marine x2  
  83  5:53  Medivac x2  
  87  5:58  Marauder  
  89  6:09  SCV x2  
  88  6:14  Marine x2  
  88  6:15  Widow Mine x2, Marauder  
  96  6:20  Supply Depot  
  96  6:23  Concussive Shells, Medivac  
  96  6:24  Marauder  
  100  6:29  Medivac  
  102  6:34  Supply Depot  
  102  6:42  SCV x2  
  102  6:43  Marine  
  102  6:45  Supply Depot, Command Center  
  105  6:55  Marauder x2  
  105  6:57  SCV x2  
  105  6:59  Supply Depot  
  111  7:04  Marine  
  111  7:05  Marine  
  113  7:16  SCV x2  
  113  7:18  Marine, Marauder  
  113  7:22  Widow Mine x2  
  120  7:28  Barracks x2  
  97  7:38  Marine, Marauder  
  97  7:39  Marauder  
  94  7:49  Marine  
  94  7:50  Widow Mine x2, Medivac x2  
  99  7:55  SCV x2  
  94  7:59  Marauder  
  94  8:01  Marauder  
  94  8:03  Terran Infantry Armor Level 1  
  98  8:06  Engineering Bay  
  98  8:07  SCV x2, Armory  
  100  8:26  Barracks Reactor, Marine x2, Barracks Tech Lab  
  104  8:27  Marauder x2  
  105  8:36  Viking  
  105  8:37  Viking  
  105  8:40  SCV  
  105  8:41  SCV  
  110  8:49  Orbital Command  
  110  8:54  Marine x2, Marauder x3  
  118  8:57  Widow Mine x2  
  118  8:59  SCV x2  
  124  9:03  Terran Infantry Weapons Level 2  
  124  9:04  Terran Ship Weapons Level 1  
  124  9:07  Supply Depot  
  124  9:09  Supply Depot  
  124  9:14  Marine x2  
  124  9:15  Marauder  
  124  9:16  Marauder  
  130  9:20  Widow Mine  
  130  9:21  Widow Mine  
  130  9:22  Viking x2  
  130  9:23  SCV x3  
  141  9:25  Refinery  
  141  9:40  Marine x2, Marauder  
  141  9:41  Marauder  
  145  9:48  Marine x2  
  145  9:49  Marauder  
  145  9:52  Viking x2  
  149  9:57  Marine  
  149  9:58  Marine  
  143  10:02  Marauder x2  
  143  10:06  Marine x2  
  142  10:10  Marauder  
  144  10:17  Marine x2  
  144  10:19  Widow Mine  
  146  10:23  Marauder x2  
  146  10:27  Marine x2  
  145  10:30  Viking x2  
  145  10:35  Supply Depot  
  149  10:36  Marauder  
  149  10:38  Ghost Academy  
  151  10:45  Marine x3, Marauder  
  151  10:46  Marauder  
  158  10:57  Widow Mine x2  
  158  11:01  Medivac  
  158  11:02  Medivac  
  166  11:08  Supply Depot  
  166  11:16  Marine  
  166  11:17  Marine, Marauder x2  
  167  11:26  Marine x2, Marauder  
  169  11:41  Marine  
  169  11:42  Marine, Marauder x2  
  169  11:45  Viking  
  176  11:55  Widow Mine x2  
  147  12:09  Marine  
  147  12:10  Marauder  

Tags
 
Add a new tag
Caveats
  • Supply blocks, unpowered buildings, or Contaminate may cause inaccurate times.
  • Supply counts are checked every 10 seconds.